 Dungeon Crawl Stone Soup version 0.30-a0-385-gfebfb9b408 (webtiles) character file.

Game seed: 10347131823203263063

3119 Lobster4 the Frost Mage (level 10, -1/73 HPs)
             Began as a Human Ice Elementalist on Dec 3, 2022.
             Was a Follower of Sif Muna.
             Killed from afar by an electric eel (12 damage)
             ... with a bolt of electricity
             ... on level 8 of the Dungeon.
             The game lasted 00:29:34 (8324 turns).

Lobster4 the Frost Mage (Human Ice Elementalist)    Turns: 8324, Time: 00:29:35

Health: -1/73      AC: 11    Str:  8    XL:     10   Next: 14%
Magic:  15/17      EV: 13    Int: 20    God:    Sif Muna [*.....]
Gold:   415        SH:  0    Dex: 17    Spells: 5/19 levels left

rFire   . . .      SeeInvis .    a - +1 sling
rCold   . . .      Faith    .    (no shield)
rNeg    + . .      Spirit   .    t - +2 robe {Will+}
rPois   .          Reflect  .    u - +2 helmet {Int+3}
rElec   .          Harm     .    C - +1 cloak
rCorr   .          Rampage  .    (no gloves)
Will    +....                    y - +1 pair of boots
Stlth   +.........               w - amulet of magic regeneration
HPRegen 0.32/turn                f - ring of positive energy
MPRegen 0.55/turn                (no ring)

@: attractive, very slow
A: no striking features
a: Renounce Religion, Channel Magic


You were on level 8 of the Dungeon.
You worshipped Sif Muna.
Sif Muna was aware of your devotion.
You visited 2 branches of the dungeon, and saw 10 of its levels.

You collected 415 gold pieces.

Inventory:

Hand Weapons
 a - a +1 sling (weapon)
 b - a +2 dagger of draining
 i - a +0 dagger
 n - a +0 short sword
 v - a +0 mace
 B - a +0 shortbow
 E - a +3 scimitar
Missiles
 h - 5 poisoned darts
 z - 4 curare-tipped darts
Armour
 t - a +2 robe of willpower (worn)
 u - a +2 helmet of intelligence (worn)
 y - a +1 pair of boots (worn)
 C - a +1 cloak (worn)
Magical Staves
 m - a staff of poison
 s - a staff of air
Jewellery
 f - a ring of positive energy (left hand)
 w - an amulet of magic regeneration (around neck)
Wands
 A - a wand of digging (4)
Scrolls
 j - a scroll of magic mapping
 k - a scroll of immolation {unknown}
 p - 2 scrolls of amnesia
Potions
 c - a potion of ambrosia
 d - a potion of cancellation
 e - a potion of magic
 g - a potion of resistance {unknown}
 l - 2 potions of berserk rage
 o - 2 potions of attraction
 q - 2 potions of curing
 r - 4 potions of heal wounds
 x - a potion of lignification
 D - a potion of might {unknown}


   Skills:
 + Level 4.8 Fighting
 - Level 1.0 Short Blades
 - Level 3.0 Ranged Weapons
 - Level 1.0 Throwing
 - Level 3.0 Armour
 - Level 3.0 Dodging
 - Level 3.0 Stealth
 + Level 5.0 Spellcasting
 - Level 3.0 Conjurations
 + Level 2.6 Summonings
 * Level 8.6 Ice Magic
 - Level 3.0 Invocations
 - Level 3.0 Evocations


You had 5 spell levels left.
You knew the following spells:

 Your Spells              Type           Power      Damage    Failure   Level
a - Freeze                Ice            100%       1d10      1%          1
b - Frozen Ramparts       Ice            78%        1d12      1%          3
c - Ozocubu's Armour      Ice            39%        N/A       1%          3
d - Hailstorm             Conj/Ice       28%        3d8       3%          3
e - Summon Ice Beast      Ice/Summ       27%        N/A       12%         4

Your spell library contained the following spells:

 Spells                   Type           Power      Damage    Failure   Level
 Slow                     Hex            20%        N/A       12%         1
 Sting                    Tmut/Pois      20%        1d4       12%         1
 Summon Guardian Golem    Hex/Summ       10%        N/A       21%         3
 Orb of Destruction       Conj           8%         9d6       100%        7
 Spellforged Servitor     Conj/Summ      8%         N/A       100%        7


Dungeon Overview and Level Annotations

Branches:
Dungeon (9/15)             Temple (1/1) D:6            Lair (0/5) D:9
    Orc: D:9-12

Altars:
Ashenzari
Cheibriados
Dithmenos
Elyvilon
Fedhas
Hepliaklqana
Kikubaaqudgha
Makhleb
Okawaru
Qazlal
Ru
Sif Muna
Trog
Wu Jian
Yredelemnul
Zin
The Shining One


Message History

It was a potion of attraction.
You feel attractive to monsters.
You're too confused to cast spells.
It was a potion of heal wounds.
You feel much better.
You feel less invigorated.
You feel less confused.
The electric eel shoots out a bolt of lightning at you!
The bolt of electricity hits you! The bolt of electricity hits you.
The bolt of electricity hits the electric eel.
The electric eel completely resists.
Casting: Freeze (safe; 1% risk of failure)
Confirm with . or Enter, or press ? or * to list all spells.
Aiming: Freeze (safe; 1% risk of failure)
Press: ? - help, Shift-Dir - straight line, f - electric eel
Aim: an electric eel You freeze the electric eel.
The electric eel is moderately wounded.
Casting: Freeze (safe; 1% risk of failure)
Confirm with . or Enter, or press ? or * to list all spells.
Aiming: Freeze (safe; 1% risk of failure)
Press: ? - help, Shift-Dir - straight line, f/p - electric eel
Aim: an electric eel (moderately wounded)
You freeze the electric eel.
The electric eel is heavily wounded.
The electric eel shoots out a bolt of lightning at you!
The bolt of electricity hits you! The bolt of electricity misses you.
The bolt of electricity hits the electric eel.
The electric eel completely resists.
Casting: Freeze (safe; 1% risk of failure)
Confirm with . or Enter, or press ? or * to list all spells.
Aiming: Freeze (safe; 1% risk of failure)
Press: ? - help, Shift-Dir - straight line, f/p - electric eel
Aim: an electric eel (heavily wounded)
You freeze the electric eel.
The electric eel is severely wounded.
The electric eel shoots out a bolt of lightning at you!
The bolt of electricity hits you!
* * * LOW HITPOINT WARNING * * *
The bolt of electricity hits you!
You die...

*,,,~~~~#####'####~~~≈≈~~,*,,#...
,,,~~~~~~~*#..#*~~~≈≈~~~.,**+#.#.
,,~~~~~~~*##''##*~≈≈≈~~.,,,,,#.#.
,,,~~*****#....#**~≈≈S~#######...
,,,,~~~~* #....# *~~~≈≈≈~~~~~#...
,,,,~~~~* #....# **~~~≈≈≈~~~~#...
,,,,~*****#....######~~≈≈~####...
*,,,,~~~~#(####.#S~~~~~≈~~~~##..#
**,,,,~~~~#* ##@~~~~~≈~≈~~~~#.##
**,,,.~##* ###~~~≈≈≈~~~~####
****#** ***############
*,,,,,,,,*** *,,,,,,,,<,*
*,,,,,>,,*** *****,**** ***


You could see an electric eel.

Vanquished Creatures
  A hornet (D:8)
  Prince Ribbit (D:7)
  Sigmund (D:3)
  A water moccasin (D:8)
  An ice beast (D:6)
  2 black bears
  A sky beast (D:7)
  An orc warrior (D:6)
  A centaur (D:7)
  3 ogres
  A phantom (D:5)
  Blork the orc (D:4)
  4 bullfrogs
  A gnoll sergeant (D:9)
  2 necrophages (D:7)
  A scorpion (D:4)
  3 wights
  2 electric eels (D:8)
  3 howler monkeys (D:8)
  An orc priest (D:6)
  3 hounds
  Crazy Yiuf (D:4)
  A gnoll bouda (D:7)
  3 iguanas
  3 orc wizards
  Robin (D:3)
  10 gnolls
  8 adders
  A shadow imp (D:6)
  6 white imps
  An ufetubus (D:6)
  A worm (D:2)
  2 dart slugs
  19 orcs
  3 ball pythons
  5 endoplasms
  7 giant cockroaches
  11 goblins
  11 hobgoblins
  5 jackals
  3 quokkas
  6 bats
  2 frilled lizards
  8 kobolds
  8 rats
161 creatures vanquished.

Vanquished Creatures (others)
  2 fungi (D:8)
  18 plants (D:8)
20 creatures vanquished.

Grand Total: 181 creatures vanquished

Notes
Turn   | Place    | Note
-------+----------+-------------------------------------------
     0 | D:1      | Lobster4 the Human Ice Elementalist began the quest for the
                  | Orb.
     0 | D:1      | Reached XP level 1. HP: 13/13 MP: 3/3
   223 | D:1      | Found a faded altar of an unknown god.
   226 | D:1      | Reached XP level 2. HP: 19/19 MP: 3/5
   615 | D:1      | Reached XP level 3. HP: 25/25 MP: 4/6
  1064 | D:2      | Learned a level 3 spell: Frozen Ramparts
  1087 | D:2      | Reached skill level 1 in Fighting
  1087 | D:2      | Reached skill level 1 in Armour
  1087 | D:2      | Reached XP level 4. HP: 25/32 MP: 2/7
  2065 | D:3      | Noticed Robin
  2084 | D:3      | Noticed Sigmund
  2095 | D:3      | Killed Sigmund
  2096 | D:3      | Reached skill level 1 in Throwing
  2096 | D:3      | Reached skill level 5 in Ice Magic
  2096 | D:3      | Reached XP level 5. HP: 20/38 MP: 0/9
  2096 | D:3      | Reached XP level 6. HP: 24/44 MP: 0/10
  2433 | D:3      | Killed Robin
  2707 | D:3      | Reached XP level 7. HP: 47/50 MP: 5/11
  2971 | D:4      | Learned a level 3 spell: Ozocubu's Armour
  3146 | D:4      | Noticed Blork the orc
  3151 | D:4      | Killed Blork the orc
  3152 | D:4      | Reached skill level 1 in Ranged Weapons
  3517 | D:4      | Reached skill level 1 in Short Blades
  3718 | D:4      | Found a runed translucent door.
  3719 | D:4      | Noticed Crazy Yiuf
  3890 | D:4      | Reached skill level 6 in Ice Magic
  3987 | D:5      | Entered Level 5 of the Dungeon
  4046 | D:4      | Reached XP level 8. HP: 34/57 MP: 3/13
  4267 | D:5      | Learned a level 3 spell: Hailstorm
  4570 | D:5      | Reached skill level 1 in Conjurations
  5288 | D:6      | Identified the +1 robe of Dyspraxia {-Cast Str+4}
  5318 | D:6      | Found a staircase to the Ecumenical Temple.
  5324 | Temple   | Entered the Ecumenical Temple
  5487 | D:6      | Found a hazy altar of Hepliaklqana.
  5551 | D:6      | Reached skill level 7 in Ice Magic
  5572 | D:6      | Found a bloodstained altar of Trog.
  5604 | D:6      | Found a shimmering blue altar of Sif Muna.
  5608 | D:6      | Became a worshipper of Sif Muna the Loreminder
  5748 | D:6      | Reached skill level 1 in Evocations
  5771 | D:6      | You fall into a shaft and drop 3 floors!
  5808 | D:9      | Reached XP level 9. HP: 48/64 MP: 8/15
  5853 | D:9      | Reached skill level 1 in Invocations
  5874 | D:8      | Found a blossoming altar of Fedhas.
  6041 | D:6      | Got Sif Muna's Codex of Interference
  6043 | D:6      | Got Sif Muna's Secrets of Poisoning
  6052 | D:6      | Learned a level 4 spell: Summon Ice Beast
  6357 | D:7      | Noticed Prince Ribbit
  6361 | D:7      | Killed Prince Ribbit
  6362 | D:7      | Reached skill level 1 in Summonings
  6519 | D:4      | Killed Crazy Yiuf
  6764 | D:8      | Found a sacrificial altar of Ru.
  6789 | D:8      | Found a broken altar of Ashenzari.
  6918 | D:8      | Reached * piety under Sif Muna
  7001 | D:7      | Found a shadowy altar of Dithmenos.
  7040 | D:7      | Reached skill level 8 in Ice Magic
  7204 | D:7      | Found a snail-covered altar of Cheibriados.
  7548 | D:8      | Reached XP level 10. HP: 50/73 MP: 14/17
  8100 | D:8      | Reached skill level 5 in Spellcasting
  8324 | D:8      | Killed from afar by an electric eel

Illustrated notes

Levels and vault maps discovered:
D:1:      psy_arrival_whirlpool, layout_basic,
          hellmonk_ecumenical_altar_prayer_group, grunt_decor_fettered
D:2:      layout_rooms
D:3:      layout_loops_ring, uniq_robin, uniq_sigmund
D:4:      layout_loops_ring, uniq_crazy_yiuf_cottage, uniq_blork_the_orc
D:5:      layout_loops_corners, minmay_misc_feat_nine_boxes,
          kennysheep_generic_room_6
D:6:      layout_gridville, kennysheep_mini, nicolae_sif_muna_little_library,
          mainiacjoe_overflow_chevrons, minmay_temple_entry_hall
D:7:      layout_rooms, lemuel_crystal_altar, lemuel_doored_altar,
          uniq_prince_ribbit1
D:8:      wad_lake_hut, layout_cave_pools, nicolae_overflow_hidden_temple,
          fedhas_altar_3, kennysheep_mini_moat
D:9:      layout_basic, mainiacjoe_overflow_tiny_flanked,
          mainiacjoe_overflow_brackets, david_lair_generic, uniq_grum
Temple:   dpeg_three_leaves_temple

Skill      XL: |  1  2  3  4  5  6  7  8  9 10 |
---------------+-------------------------------+-----
Fighting       | 1 2 3 4 |  4.8
Armour         | 1 2 3 |  3.0
Throwing       | 1 |  1.0
Ice Magic      | 5 6 7 8 |  8.6
Stealth        | 3 |  3.0
Dodging        | 3 |  3.0
Spellcasting   | 3 4 5 |  5.0
Ranged Weapons | 1 2 3 |  3.0
Short Blades   | 1 |  1.0
Conjurations   | 1 3 |  3.0
Evocations     | 1 2 3 |  3.0
Invocations    | 2 3 |  3.0
Summonings     | 2 |  2.6

Action                   |  1- 3 |  4- 6 |  7- 9 | 10-12 || total
-------------------------+-------+-------+-------+-------++-------
Melee: Mace              |     9 |     5 |       |       ||    14
       Dagger            |       |       |    14 |       ||    14
 Fire: Sling             |       |    31 |   193 |    15 ||   239
Throw: Dart              |       |     6 |       |       ||     6
 Cast: Freeze            |    43 |    61 |    76 |    20 ||   200
       Frozen Ramparts   |       |     5 |    44 |     2 ||    51
       Ozocubu's Armour  |       |       |    28 |     1 ||    29
       Hailstorm         |       |       |     2 |       ||     2
Evoke: Wand              |       |       |     1 |       ||     1
  Use: Scroll            |       |     1 |    12 |       ||    13
       Potion            |       |       |       |     3 ||     3
 Stab: Sleeping          |     1 |       |     1 |       ||     2
Armor: Robe              |    10 |    19 |    77 |     5 ||   111
Dodge: Dodged            |    18 |    30 |   118 |     9 ||   175

Table legend: (Time is in decaauts)
 A = Elapsed time spent in this place.
 B = Non-inter-level travel time spent in this place.
 C = Inter-level travel time spent in this place.
 D = Time resting spent in this place.
 E = Time spent auto-exploring this place.
 F = Levels seen in this place.
 G = Mean time per level.
                   A        B        C        D        E       F      G
               +--------+--------+--------+--------+--------+-----+--------+
         Total |   8429 |   7957 |    472 |   1511 |   4571 |  10 |  842.9 |
       Dungeon |   8331 |   7859 |    472 |   1511 |   4513 |   9 |  925.7 |
        Temple |     97 |     97 |      0 |      0 |     58 |   1 |   97.0 |
               +--------+--------+--------+--------+--------+-----+--------+

Top non-repeatable levels by time:
     D:5: 1243 daAuts
     D:4: 1226 daAuts
     D:8: 1201 daAuts
     D:3: 1108 daAuts
     D:2: 1076 daAuts
     D:6: 820 daAuts
     D:1: 795 daAuts
     D:7: 757 daAuts
     D:9: 101 daAuts
  Temple: 97 daAuts
